 Dungeon Crawl Stone Soup version 0.26.1-11-gd32895ea62 (webtiles) character file.

Game seed: 6251291613348851128

577379 korthal the Hoplite (level 25, -5/233 HPs)
             Began as a Deep Dwarf Fighter on Jan 4, 2021.
             Was the Champion of Makhleb.
             Slain by a slime creature (12 damage)
             ... while paralysed by a floating eye
             ... on level 5 of the Pits of Slime on Apr 30, 2021.
             The game lasted 03:16:29 (50021 turns).

korthal the Hoplite (Deep Dwarf Fighter)           Turns: 50021, Time: 03:16:31

Health: -5/233     AC: 10    Str: 29    XL:     25   Next: 82%
Magic:  22/24      EV:  2    Int: 12    God:    Makhleb [******]
Gold:   6035       SH:  0    Dex: 13    Spells: 24/24 levels left

rFire    + + .     SeeInvis .   Z - +8 broad axe (elec)
rCold    + + +     Faith    .   c - +2 tower shield
rNeg     + + +     Spirit   .   K - +12 gold dragon scales
rPois    +         Reflect  +   z - +1 helmet
rElec    .         Harm     .   H - scarf {rC+ rF+}
rCorr    .         Rampage  .   l - +2 pair of gloves {archery}
Will     +++..     Rnd*Rage +   h - +0 pair of boots of Mapedo {rN+ Dex+3}
Stlth    ..........             f - amulet of reflection
HPRegen  0.00/turn              I - +4 ring of slaying
MPRegen  0.19/turn              U - ring of Urerel {rPois rC+ rN+ Int+4 Slay-2}

@: paralysed, corroded, non-regenerating
A: damage resistance, heal wounds, berserk 2, clumsy 1, deformed body, dopey 1,
frail 1, low mp 1, negative energy resistance 1, sense surroundings 3, weak 1,
no regeneration
}: 3/15 runes: serpentine, barnacled, silver
a: Heal Wounds, Renounce Religion, Minor Destruction, Lesser Servant of Makhleb,
Major Destruction, Greater Servant of Makhleb


You were on level 5 of the Pits of Slime.
You worshipped Makhleb.
Makhleb was exalted by your worship.
You visited 10 branches of the dungeon, and saw 50 of its levels.
You visited the Abyss 1 time.
You visited 1 bazaar.
You also visited: Ice Cave.

You collected 8706 gold pieces.
You spent 2671 gold pieces at shops.

Inventory:

Hand Weapons
 J - a +3 scimitar of flaming
 V - a +8 vorpal broad axe
 Z - a +8 broad axe of electrocution (weapon)
Armour
 c - a +2 tower shield (worn)
 h - the +0 pair of boots of Mapedo (worn) {rN+ Dex+3}
   (You found it on level 1 of the Orcish Mines)

   It affects your dexterity (+3).
   It protects you from negative energy.
 l - a +2 pair of gloves of archery (worn)
 z - a +1 helmet (worn)
 H - a scarf of resistance (worn)
 K - +12 gold dragon scales (worn)
Jewellery
 f - an amulet of reflection (around neck)
 s - the ring "Orghalo" {rN+ MP+9 Str+5 Int-2 SInv}
   (You took it off a centaur on level 1 of the Vaults)

   [ring of see invisible]

   It affects your strength (+5).
   It affects your intelligence (-2).
   It protects you from negative energy.
   It affects your magic capacity (+9).
   It lets you see invisible.
 y - an uncursed ring of willpower
 E - a +4 ring of protection
 I - a +4 ring of slaying (left hand)
 M - an uncursed ring of positive energy
 Q - the ring of Inususchuwe {rElec rC+}
   (You found it on level 3 of the Elven Halls)

   [ring of protection from cold]

   It protects you from cold.
   It insulates you from electricity.
 R - an uncursed ring of resist corrosion
 U - the ring of Urerel (right hand) {rPois rC+ rN+ Int+4 Slay-2}
   (You found it on level 4 of the Snake Pit)

   [ring of protection from cold]

   It affects your intelligence (+4).
   It affects your accuracy and damage with ranged weapons and melee attacks
   (-2).
   It protects you from cold.
   It protects you from poison.
   It protects you from negative energy.
Wands
 a - a wand of acid (40)
 v - a wand of flame (123)
 C - a wand of digging (19)
 S - a wand of iceblast (33)
 X - a wand of disintegration (18)
 Y - a wand of enslavement (17)
Scrolls
 b - 4 scrolls of summoning
 g - 34 scrolls of remove curse
 i - 3 scrolls of brand weapon
 n - 9 scrolls of magic mapping
 o - 3 scrolls of silence
 r - 13 scrolls of fear
 u - 27 scrolls of teleportation
 w - 20 scrolls of identify
 x - 3 scrolls of enchant armour
 B - a scroll of fog
 G - 7 scrolls of blinking
Potions
 d - 7 potions of might
 e - 3 potions of berserk rage
 j - 5 potions of flight
 k - 22 potions of curing
 m - 10 potions of haste
 p - 8 potions of attraction
 t - 5 potions of lignification
 A - 4 potions of resistance
 D - 6 potions of mutation
 L - a potion of brilliance
 N - 5 potions of ambrosia
 O - 6 potions of cancellation
 P - 2 potions of invisibility
 T - 6 potions of heal wounds
Miscellaneous
 q - a phial of floods
 F - a condenser vane
 W - a tin of tremorstones (2/2)


   Skills:
 + Level 21.9 Fighting
 - Level 0.4 Long Blades
 + Level 22.9 Axes
 * Level 21.3 Armour
 - Level 0.6 Dodging
 + Level 1.9 Stealth
 - Level 26.0 Shields
 - Level 8.6 Invocations
 - Level 1.3 Evocations


You had 24 spell levels left.
You didn't know any spells.
Your spell library contained the following spells:

 Spells                   Type           Power        Failure   Level
 Animate Skeleton         Necr           0%           97%         1
 Apportation              Tloc           0%           97%         1
 Beastly Appendage        Tmut           0%           97%         1
 Corona                   Hex            0%           97%         1
 Foxfire                  Conj/Fire      0%           97%         1
 Freeze                   Ice            0%           97%         1
 Magic Dart               Conj           0%           97%         1
 Pain                     Necr           0%           97%         1
 Sandblast                Erth           0%           97%         1
 Shock                    Conj/Air       0%           97%         1
 Summon Small Mammal      Summ           0%           97%         1
 Blink                    Tloc           N/A          99%         2
 Call Imp                 Summ           0%           99%         2
 Corpse Rot               Necr/Air       N/A          99%         2
 Ensorcelled Hibernation  Hex/Ice        0%           99%         2
 Passwall                 Tmut/Erth      0%           99%         2
 Poisonous Vapours        Pois/Air       0%           99%         2
 Searing Ray              Conj           0%           99%         2
 Slow                     Hex            0%           99%         2
 Sublimation of Blood     Necr           0%           99%         2
 Swiftness                Air            0%           99%         2
 Wereblood                Tmut           0%           99%         2
 Call Canine Familiar     Summ           0%           100%        3
 Confusing Touch          Hex            0%           100%        3
 Conjure Flame            Conj/Fire      0%           100%        3
 Dazzling Flash           Conj/Hex       0%           100%        3
 Frozen Ramparts          Ice            0%           100%        3
 Gell's Gravitas          Tloc           0%           100%        3
 Ignite Poison            Fire/Tmut/Pois 0%           100%        3
 Inner Flame              Hex/Fire       0%           100%        3
 Lesser Beckoning         Tloc           0%           100%        3
 Mephitic Cloud           Conj/Pois/Air  0%           100%        3
 Ozocubu's Armour         Ice            0%           100%        3
 Spider Form              Tmut/Pois      0%           100%        3
 Static Discharge         Conj/Air       0%           100%        3
 Stone Arrow              Conj/Erth      0%           100%        3
 Summon Guardian Golem    Hex/Summ       0%           100%        3
 Teleport Other           Tloc           0%           100%        3
 Tukima's Dance           Hex            0%           100%        3
 Vampiric Draining        Necr           0%           100%        3
 Airstrike                Air            0%           100%        4
 Animate Dead             Necr           0%           100%        4
 Cause Fear               Hex            0%           100%        4
 Dispel Undead            Necr           0%           100%        4
 Fulminant Prism          Conj/Hex       0%           100%        4
 Hailstorm                Conj/Ice       0%           100%        4
 Ice Form                 Ice/Tmut       0%           100%        4
 Iskenderun's Mystic Bla  Conj/Tloc      0%           100%        4
 Passage of Golubria      Tloc           N/A          100%        4
 Petrify                  Tmut/Erth      0%           100%        4
 Sticky Flame             Conj/Fire      0%           100%        4
 Summon Ice Beast         Ice/Summ       0%           100%        4
 Summon Lightning Spire   Summ/Air       0%           100%        4
 Agony                    Necr           0%           100%        5
 Alistair's Intoxication  Tmut/Pois      0%           100%        5
 Blade Hands              Tmut           0%           100%        5
 Borgnjor's Vile Clutch   Necr/Erth      0%           100%        5
 Excruciating Wounds      Necr           0%           100%        5
 Fireball                 Conj/Fire      0%           100%        5
 Lee's Rapid Deconstruct  Erth           0%           100%        5
 Lightning Bolt           Conj/Air       0%           100%        5
 Metabolic Englaciation   Hex/Ice        0%           100%        5
 Silence                  Hex/Air        0%           100%        5
 Summon Forest            Summ/Tloc      0%           100%        5
 Yara's Violent Unravell  Hex/Tmut       0%           100%        5
 Death Channel            Necr           0%           100%        6
 Eringya's Noxious Bog    Tmut/Pois      0%           100%        6
 Freezing Cloud           Conj/Ice/Air   0%           100%        6
 Hydra Form               Tmut           0%           100%        6
 Invisibility             Hex            0%           100%        6
 Ozocubu's Refrigeration  Ice            0%           100%        6
 Shadow Creatures         Summ           N/A          100%        6
 Simulacrum               Ice/Necr       0%           100%        6
 Starburst                Conj/Fire      0%           100%        6
 Malign Gateway           Summ/Tloc      0%           100%        7
 Monstrous Menagerie      Summ           0%           100%        7
 Summon Greater Demon     Summ           0%           100%        7
 Summon Hydra             Summ           0%           100%        7
 Discord                  Hex            0%           100%        8
 Disjunction              Tloc           0%           100%        8
 Ignition                 Fire           0%           100%        8
 Summon Horrible Things   Summ           0%           100%        8
 Shatter                  Erth           0%           100%        9
 Tornado                  Air            0%           100%        9


Dungeon Overview and Level Annotations

Branches:
Dungeon (15/15)            Temple (1/1) D:6            Lair (6/6) D:11
 Shoals (4/4) Lair:2        Snake (4/4) Lair:3        Slime (5/5) Lair:5
    Orc (2/2) D:12            Elf (3/3) Orc:2        Vaults (5/5) D:14
  Crypt (0/3) Vaults:2     Depths (5/5) D:15            Zot (0/5) Depths:5
  IceCv (visited)

Altars:
Ashenzari
Cheibriados
Dithmenos
Elyvilon
Fedhas
Gozag
Hepliaklqana
Kikubaaqudgha
Makhleb
Nemelex Xobeh
Okawaru
Qazlal
Ru
Sif Muna
Trog
Uskayaw
Vehumet
Wu Jian
Xom
Yredelemnul
Zin
The Shining One
Beogh
Jiyva

Shops:
D:5 }   D:6 [   D:7 ?   D:9 ???((   D:12 !?=}   Orc:1 *   Orc:2 (([}   Elf:1 *?
Elf:3 ?:=   Vaults:3 =   Vaults:4 *

Portals:
Hell: Depths:1 Depths:2 Depths:3 Depths:4 Depths:5
Abyss: Depths:4
Pandemonium: Depths:1 Depths:2 Depths:3
Ziggurat: Depths:1
Bazaar: Shoals:2
Trove: Vaults:3 (give +3 shadow dragon scales)

Annotations:
D:3 exclusion: oklob plant
D:11 1 exclusion
Shoals:4 Roxanne
Depths:3 exclusion: obsidian statue, the Enchantress


Innate Abilities, Weirdness & Mutations

You are resistant to damage.
You can heal yourself by infusing magical energy.
You resist negative energy. (rN+)
You passively map a large area around you.
You do not regenerate.
You often lose your temper in combat.
You are clumsy. (Dex -2)
Armour fits poorly on your strangely shaped body.
You are dopey. (Int -2)
You are frail. (-10% HP)
Your magical capacity is low. (-10% MP)
You are weak. (Str -2)


Message History

The acid blob spits acid at you. The splash of acid hits you!
* * * LOW HITPOINT WARNING * * *
You are splashed with acid!
* * * LOW HITPOINT WARNING * * *
The slime creature hits you!
* * * LOW HITPOINT WARNING * * *
The acid blob hits you!
* * * LOW HITPOINT WARNING * * *
You are splashed with acid!
* * * LOW HITPOINT WARNING * * *
The acid blob spits acid at you. The splash of acid hits you!
* * * LOW HITPOINT WARNING * * *
The acid corrodes you!
You are splashed with acid!
* * * LOW HITPOINT WARNING * * *
The acid blob hits you.
You are splashed with acid!
* * * LOW HITPOINT WARNING * * *
The slime creature hits you!
You die...

####* ##...####
####...#.#.###
##.....#......### *##
##........J......## #*
#..###.......J@JG......#..
##....#.......JJJJ.........
#...............G.G.........,
*
#...........................,
............................
, *
............................
....................GG......
............................
,
............................


You could see 4 acid blobs, a great orb of eyes, 3 slime creatures, 2 eyes of
devastation, an eye of draining and a floating eye.

Vanquished Creatures
  Dissolution (Slime:2)
  Mara (Snake:4)
  An ancient lich (Vaults:5)
  Vashnia (Snake:4)
  2 caustic shrikes
  Saint Roka (Depths:5)
  4 golden dragons
  5 tentacled monstrosities
  An Ice Fiend (IceCv)
  2 deep elf master archers (Elf:3)
  5 titans
  A deep elf blademaster (Elf:3)
  5 liches
  3 quicksilver dragons
  An Executioner (Abyss:2)
  12 acid blobs
  3 krakens
  6 sphinxes
  3 storm dragons
  9 shadow dragons
  11 tengu reavers
  Ilsuiw (Shoals:4)
  12 nagarajas
  9 fire giants
  4 azure jellies
  2 iron dragons
  15 frost giants
  10 deep elf sorcerers
  A draconian scorcher (Depths:5)
  An orc warlord (Orc:1)
  11 vault wardens
  7 deep elf elementalists (Elf:3)
  Aizul (Snake:3)
  A draconian shifter (Depths:5)
  A ghoul (Vaults:2)
  3 spriggan defenders (Depths:3)
  9 ironheart preservers
  3 war gargoyles (Vaults:5)
  5 vampire knights
  23 very ugly things
  7 deep elf demonologists
  31 stone giants
  3 black draconians (Depths:5)
  5 deep elf annihilators (Elf:3)
  A lorocyproca (Depths:1)
  2 entropy weavers (Vaults:4)
  3 spark wasps
  2 purple draconians (Depths:5)
  A yellow draconian (Depths:5)
  16 ettins
  An eleionoma (shapeshifter) (Vaults:5)
  6 deep elf death magi
  6 merfolk javelineers
  2 crystal guardians
  8 merfolk impalers
  8 deep elf high priests
  14 fire dragons
  Josephine (Lair:4)
  12 great orbs of eyes
  28 yaktaur captains
  Harold (D:9)
  12 ogre magi
  A monstrous demonspawn (Depths:1)
  9 rakshasas
  4 spriggan air magi
  14 naga warriors
  12 hydras
  13 ice dragons
  5 boulder beetles
  32 vault guards
  4 merfolk avatars
  13 centaur warriors
  22 anacondas
  An alligator snapping turtle (Shoals:3)
  3 death knights
  4 catoblepae
  3 merfolk aquamancers (Shoals:4)
  41 two-headed ogres
  5 death yaks (Lair:6)
  7 deep troll shamans
  3 satyrs
  2 tengu warriors
  3 vampire magi
  2 orc high priests (Orc:1)
  A thrashing horror (Abyss:2)
  A satyr (shapeshifter) (Depths:5)
  16 naga sharpshooters
  18 dancing weapons
  17 deep elf knights
  5 deep troll earth magi
  12 shock serpents
  A spriggan berserker (Depths:2)
  A sixfirhy (Depths:1)
  4 sun demons (Depths:3)
  2 hell knights
  An iron troll (Depths:5)
  2 salamander mystics (Snake:1)
  9 sea snakes
  6 wizards
  12 deep trolls
  5 glowing orange brains
  13 deep elf archers
  3 unseen horrors
  A shadow demon (Depths:3)
  2 flayed ghosts
  10 naga ritualists
  2 necromancers
  A swamp dragon (shapeshifter) (Vaults:5)
  37 harpies
  15 ironbrand convokers
  7 phantasmal warriors
  8 wolf spiders
  18 orc knights
  A manticore (shapeshifter) (Depths:3)
  2 mana vipers (shapeshifter)
  7 mana vipers
  A tengu skeleton (Vaults:4)
  7 shining eyes
  A cyclops (shapeshifter) (Depths:3)
  10 fauns
  45 deep elf magi
  39 ugly things
  14 manticores
  An orb spider (shapeshifter) (Vaults:1)
  A salamander (shapeshifter) (Depths:4)
  5 orc sorcerers
  8 cyclopes
  22 elephants
  20 salamanders
  A moth of wrath (shapeshifter) (Depths:4)
  13 vault sentinels
  6 merfolk sirens
  An elephant (shapeshifter) (Vaults:4)
  Psyche (D:8)
  3 ice statues (IceCv)
  4 eyes of devastation
  20 naga magi
  A human skeleton (Vaults:4)
  A black mamba (shapeshifter) (Vaults:2)
  2 gargoyles (D:14)
  A torpor snail (Lair:6)
  4 orange demons (Depths:3)
  46 black mambas
  17 guardian serpents
  6 water nymphs
  A guardian serpent (shapeshifter) (D:14)
  4 kobold demonologists
  7 centaur skeletons
  A human zombie (Vaults:4)
  A hellion (Depths:5)
  A rime drake (shapeshifter) (Vaults:1)
  13 cane toads
  2 cane toads (shapeshifter) (D:15)
  40 yaktaurs
  6 freezing wraiths
  A yaktaur (shapeshifter) (Depths:2)
  2 rime drakes
  2 golden dragon simulacra (IceCv)
  2 efreet
  3 komodo dragons
  2 komodo dragons (shapeshifter)
  3 anaconda simulacra (IceCv)
  5 tengu conjurers
  12 ice devils
  4 red devils (Depths:5)
  A jumping spider (shapeshifter) (Vaults:5)
  5 hellwings (Depths:5)
  A wolf spider simulacrum (Vaults:1)
  A meliai (shapeshifter) (Vaults:4)
  6 trolls
  31 merfolk
  A hornet (shapeshifter) (Vaults:5)
  8 wind drakes
  A polar bear (Lair:3)
  6 hornets
  103 slime creatures
  A sphinx simulacrum (Vaults:3)
  7 dream sheep
  2 ettin zombies
  13 snapping turtles
  A dream sheep (shapeshifter) (Depths:2)
  A frost giant simulacrum (Vaults:1)
  21 blink frogs
  4 air elementals
  A spriggan (Depths:3)
  3 dire elephant simulacra (IceCv)
  2 redbacks (Vaults:4)
  A vampire (D:12)
  A shadow (D:14)
  13 water elementals
  10 wraiths
  2 ynoxinuls (Depths:1)
  2 spriggans (shapeshifter)
  4 wyverns
  A fire elemental (Elf:1)
  54 yaks
  Grum (D:9)
  8 basilisks
  A large abomination (Abyss:2)
  A human (shapeshifter) (D:15)
  A steam dragon (Lair:3)
  12 vampire mosquitoes
  A warg (shapeshifter) (Vaults:2)
  3 wargs
  2 acid dragons
  2 soldier ants (shapeshifter)
  64 nagas
  A soldier ant (D:15)
  3 hell hounds (Depths:5)
  A swamp drake (D:11)
  14 water moccasins
  2 floating eyes
  2 ice beasts
  3 black bears
  3 ettin simulacra
  54 orc warriors
  A necrophage (D:13)
  2 black bears (shapeshifter)
  An ogre (shapeshifter) (Depths:1)
  4 eyes of draining
  9 phantoms
  2 eyes of draining (shapeshifter)
  7 wolves
  34 ogres
  40 centaurs
  6 boggarts
  6 big kobolds
  15 bullfrogs
  4 earth elementals
  A wyvern zombie (D:14)
  2 wyvern skeletons
  10 killer bees
  2 scorpions
  4 troll zombies (D:12)
  An elf simulacrum (Vaults:2)
  14 wights
  3 howler monkeys
  2 bullfrog zombies
  2 centaur zombies
  14 crimson imps
  4 jellies
  2 quasits (Depths:1)
  A gnoll shaman (D:9)
  A bullfrog skeleton (D:13)
  7 hounds
  20 orc priests
  25 orc wizards
  6 iron imps
  5 iguanas
  13 worker ants
  4 ogre zombies (D:12)
  A hound zombie (D:9)
  2 hound skeletons
  A howler monkey skeleton (D:5)
  4 worker ant zombies
  6 adders
  9 gnolls
  7 shadow imps
  3 white imps
  An ufetubus (Depths:1)
  3 adder zombies
  2 adder skeletons
  A worm (D:3)
  2 dart slugs (D:2)
  7 leopard geckos
  96 orcs
  4 ball pythons
  5 giant cockroaches
  6 goblins
  6 hobgoblins
  12 jackals
  8 quokkas
  5 bats
  8 frilled lizards
  4 goblin skeletons (D:12)
  3 goblin zombies (D:12)
  2 hobgoblin zombies (D:12)
  29 kobolds
  A leopard gecko zombie (D:8)
  6 orc skeletons (D:12)
  10 orc zombies (D:12)
  A quokka zombie (D:5)
  6 rats
  A bush (Lair:5)
  7 tentacles
2253 creatures vanquished.

Vanquished Creatures (others)
  A war gargoyle (Vaults:5)
  A merfolk aquamancer (Shoals:4)
  A deep elf knight (Elf:2)
  A naga ritualist (Snake:4)
  A deep elf mage (Elf:2)
  2 manticores
  A guardian serpent (Snake:3)
  An orange demon (Depths:3)
  A centaur (Depths:1)
  A crimson imp (Depths:3)
  An orc (Vaults:4)
  2 crawling corpses (Elf:3)
  39 fungi
  204 plants
  9 tentacles
  17 toadstools (D:3)
283 creatures vanquished.

Grand Total: 2536 creatures vanquished

Notes
Turn   | Place    | Note
-------+----------+-------------------------------------------
     0 | D:1      | korthal the Deep Dwarf Fighter began the quest for the Orb.
     0 | D:1      | Reached XP level 1. HP: 20/20 MP: 1/1
   368 | D:1      | Reached XP level 2. HP: 22/27 MP: 2/2
  1181 | D:2      | Reached XP level 3. HP: 30/33 MP: 3/3
  1251 | D:2      | Found a stormy altar of Qazlal.
  1996 | D:3      | Found a bloodstained altar of Trog.
  2198 | D:3      | Reached XP level 4. HP: 37/42 MP: 4/4
  2822 | D:3      | Found a blossoming altar of Fedhas.
  2835 | D:3      | Noticed an oklob plant
  3085 | D:4      | Reached XP level 5. HP: 34/49 MP: 5/5
  3208 | D:4      | Reached skill level 4 in Shields
  3219 | D:4      | Reached skill level 5 in Axes
  3242 | D:4      | Reached XP level 6. HP: 27/56 MP: 6/6
  3523 | D:4      | Reached skill level 1 in Stealth
  3586 | D:4      | Found a shadowy altar of Dithmenos.
  3686 | D:4      | Reached XP level 7. HP: 34/62 MP: 7/7
  3969 | D:5      | Entered Level 5 of the Dungeon
  4025 | D:5      | Found a radiant altar of Vehumet.
  4120 | D:5      | Found Tudykh's Gadget Shop.
  4133 | D:5      | Bought a wand of digging (3) for 154 gold pieces
  4269 | D:5      | Reached skill level 5 in Armour
  4592 | D:6      | Found a stormy altar of Qazlal.
  4615 | D:6      | Reached skill level 5 in Shields
  4615 | D:6      | Reached XP level 8. HP: 27/72 MP: 7/7
  4694 | D:6      | Found Kofirag's Armour Shop.
  4699 | D:6      | Bought a +0 helmet for 67 gold pieces
  5111 | D:6      | Found a staircase to the Ecumenical Temple.
  5116 | Temple   | Entered the Ecumenical Temple
  5281 | Temple   | Became a worshipper of Makhleb the Destroyer
  5872 | D:7      | Reached skill level 6 in Shields
  5913 | D:7      | Found Pethreyps's Magic Scroll Emporium.
  5994 | D:7      | Reached * piety under Makhleb
  6065 | D:7      | Reached skill level 10 in Axes
  6359 | D:8      | Gained mutation: You passively map the area around you.
                  | [Deep Dwarf growth]
  6359 | D:8      | Reached XP level 9. HP: 59/78 MP: 7/7
  6377 | D:8      | Found a shadowy altar of Dithmenos.
  6391 | D:8      | Noticed a two-headed ogre
  6704 | D:8      | Noticed Psyche
  6708 | D:8      | Killed Psyche
  6854 | D:8      | Killed a two-headed ogre
  7079 | D:8      | Found a sacrificial altar of Ru.
  7079 | D:8      | Found a shimmering blue altar of Sif Muna.
  7203 | D:9      | Reached ** piety under Makhleb
  7260 | D:9      | Found a sacrificial altar of Ru.
  7315 | D:9      | Reached skill level 7 in Shields
  7411 | D:9      | Noticed Harold
  7438 | D:9      | Killed Harold
  7439 | D:9      | Reached skill level 5 in Fighting
  7439 | D:9      | Reached skill level 1 in Evocations
  7439 | D:9      | Reached XP level 10. HP: 50/88 MP: 8/8
  7450 | D:9      | Found Nuompud's Weapon Boutique.
  7500 | D:9      | Found Nuur's Magic Scroll Emporium.
  7502 | D:9      | Found Sehuica's Magic Scroll Boutique.
  7511 | D:9      | Noticed Grum
  7543 | D:9      | Killed Grum
  7729 | D:9      | Found Dyam's Magic Scroll Emporium.
  8138 | D:9      | Found Goafoywk's Weapon Boutique.
  8343 | D:10     | Entered Level 10 of the Dungeon
  8461 | D:10     | Found the +7 Kryia's mail coat {PotionHeal*2 rC+}
  8461 | D:10     | Noticed a seven-headed hydra
  8732 | D:10     | Noticed a two-headed ogre
  8781 | D:10     | Reached skill level 8 in Shields
  8836 | D:10     | Reached *** piety under Makhleb
  8891 | D:10     | Killed a seven-headed hydra
  9016 | D:10     | Noticed a two-headed ogre
  9026 | D:10     | Killed a two-headed ogre
  9027 | D:10     | Reached XP level 11. HP: 55/97 MP: 9/9
  9350 | D:11     | Noticed a boulder beetle
  9399 | D:10     | Killed an unseen horror
  9617 | D:11     | Noticed a two-headed ogre
  9724 | D:11     | Found a burning altar of Makhleb.
  9793 | D:11     | Noticed a white ugly thing
  9804 | D:11     | Reached **** piety under Makhleb
  9809 | D:11     | Reached skill level 9 in Shields
  9814 | D:11     | Reached skill level 15 in Axes
  9814 | D:11     | Killed a white ugly thing
  9951 | D:11     | HP: 3/99 [two-headed ogre/+0 giant spiked club (13)]
 10036 | D:10     | Killed a two-headed ogre
 10071 | D:10     | Killed an unseen horror
 10160 | D:11     | Noticed an ettin
 10224 | D:11     | Killed a boulder beetle
 10238 | D:11     | Killed an unseen horror
 10239 | D:11     | Reached XP level 12. HP: 57/106 MP: 10/10
 10364 | D:11     | Found a staircase to the Lair.
 10689 | D:12     | Found Pikh's Jewellery Emporium.
 10767 | D:12     | Found Oqottais's Gadget Emporium.
 10852 | D:12     | Found a staircase to the Orcish Mines.
 10874 | D:12     | Reached ***** piety under Makhleb
 10976 | D:12     | Noticed a two-headed ogre
 10989 | D:12     | Killed a two-headed ogre
 11050 | D:12     | Found Topisk's Magic Scroll Boutique.
 11301 | D:12     | Found Duotushou's Distillery.
 11302 | D:12     | Found a radiant altar of Vehumet.
 11677 | Lair:1   | Entered Level 1 of the Lair of Beasts
 11807 | Lair:1   | Noticed a six-headed hydra
 11816 | Lair:1   | Killed a six-headed hydra
 12046 | Lair:1   | Reached skill level 10 in Shields
 12257 | Lair:1   | Noticed a five-headed hydra
 12652 | Lair:2   | Found a staircase to the Shoals.
 12912 | Lair:3   | Noticed an eight-headed hydra
 13068 | Orc:1    | Entered Level 1 of the Orcish Mines
 13085 | Orc:1    | Reached XP level 13. HP: 115/117 MP: 11/11
 13186 | Orc:1    | Found a transporter.
 13299 | Orc:1    | Found a roughly hewn altar of Beogh.
 13299 | Orc:1    | Found a transporter.
 13300 | Orc:1    | Noticed an orc warlord
 13333 | Orc:1    | Killed an orc warlord
 13407 | Orc:1    | Got a pair of twisted boots
 13422 | Orc:1    | Reached ****** piety under Makhleb
 13450 | Orc:1    | Identified the +0 pair of boots of Mapedo {rN+ Dex+3} (You
                  | found it on level 1 of the Orcish Mines)
 13508 | Orc:1    | Found Jehoarat's General Store.
 13589 | Orc:2    | Entered Level 2 of the Orcish Mines
 13821 | Orc:2    | Reached skill level 11 in Shields
 13920 | Orc:2    | Found a staircase to the Elven Halls.
 14101 | Orc:2    | Found a roughly hewn altar of Beogh.
 14183 | Orc:2    | Found Sodweajusa's Antique Armour Boutique.
 14183 | Orc:2    | Found Tasetyup's Antique Weapon Shoppe.
 14185 | Orc:2    | Found Vecam's Antique Weapon Emporium.
 14187 | Orc:2    | Found Ruim's Gadget Shop.
 14558 | D:9      | Bought a +2 great sword of flaming for 284 gold pieces
 14596 | D:9      | Bought a scroll of brand weapon for 200 gold pieces
 14613 | D:9      | Bought a scroll of enchant weapon for 75 gold pieces
 14620 | D:9      | Bought a scroll of enchant weapon for 97 gold pieces
 14813 | Lair:3   | Found a staircase to the Snake Pit.
 15014 | Lair:3   | Reached skill level 12 in Shields
 15194 | Lair:3   | Reached skill level 10 in Armour
 15298 | Lair:3   | Gained mutation: You resist negative energy. (rN+) [Deep
                  | Dwarf growth]
 15298 | Lair:3   | Reached XP level 14. HP: 114/129 MP: 12/12
 15801 | Lair:4   | Noticed Josephine
 15825 | Lair:4   | Killed Josephine
 15836 | Lair:4   | Reached skill level 10 in Fighting
 16673 | D:11     | Reached skill level 13 in Shields
 17352 | Lair:5   | Found a viscous altar of Jiyva.
 17353 | Lair:5   | Found a staircase to the Slime Pits.
 17739 | Lair:6   | Entered Level 6 of the Lair of Beasts
 18323 | Lair:6   | Reached skill level 14 in Shields
 18747 | Lair:6   | Reached XP level 15. HP: 142/142 MP: 13/13
 19351 | D:13     | Found a glowing golden altar of the Shining One.
 19476 | D:13     | Paralysed by a hornet for 2 turns
 19780 | D:14     | Reached skill level 15 in Shields
 20049 | D:14     | Found a snail-covered altar of Cheibriados.
 20238 | D:14     | Found a gate to the Vaults.
 20436 | D:15     | Entered Level 15 of the Dungeon
 20780 | D:15     | Reached skill level 16 in Shields
 20826 | D:15     | Found a staircase to the Depths.
 20898 | D:15     | Paralysed by an ogre mage for 4 turns
 21520 | Snake:1  | Entered Level 1 of the Snake Pit
 21762 | Snake:1  | Reached XP level 16. HP: 154/154 MP: 5/14
 22077 | Snake:1  | Reached skill level 17 in Shields
 22513 | Snake:2  | Reached skill level 1 in Invocations
 22740 | Snake:2  | Reached skill level 18 in Shields
 23670 | Snake:3  | Reached skill level 19 in Shields
 23746 | Snake:3  | Noticed Aizul
 23760 | Snake:3  | Killed Aizul
 23765 | Snake:3  | Reached XP level 17. HP: 96/164 MP: 18/18
 23774 | Snake:3  | Reached skill level 5 in Invocations
 24509 | Snake:4  | Entered Level 4 of the Snake Pit
 24524 | Snake:4  | Noticed Mara
 24541 | Snake:4  | Noticed korthal's illusion
 24556 | Snake:4  | Killed Mara
 24618 | Snake:4  | Identified the ring of Urerel {rPois rC+ rN+ Int+4 Slay-2}
                  | (You found it on level 4 of the Snake Pit)
 24637 | Snake:4  | Noticed Vashnia
 24669 | Snake:4  | Killed Vashnia
 24670 | Snake:4  | Reached skill level 20 in Shields
 25523 | Snake:4  | Reached skill level 21 in Shields
 25568 | Snake:4  | Gained mutation: You passively map a large area around you.
                  | [Deep Dwarf growth]
 25568 | Snake:4  | Reached XP level 18. HP: 92/174 MP: 21/21
 25828 | Snake:4  | Got a serpentine rune of Zot
 26170 | Shoals:1 | Entered Level 1 of the Shoals
 26430 | Orc:2    | Bought a masterwork plate armour for 868 gold pieces
 26430 | Orc:2    | Identified the +9 plate armour "Riho" {MP+9 Str+5} (You
                  | bought it in a shop on level 2 of the Orcish Mines)
 26864 | Shoals:1 | Upgraded the game from 0.26-b1-25-gafae2e710b to
                  | 0.26-b1-32-g5d43845318
 26913 | Shoals:1 | Identified the cursed +1 morningstar of Ashenzari's Envy
                  | {vorpal, +Inv Dex+6}
 27678 | Shoals:2 | Found a gateway to a bazaar.
 28014 | Shoals:3 | Found a frozen archway.
 28023 | IceCv    | Entered an ice cave
 28377 | IceCv    | Noticed an Ice Fiend
 28383 | IceCv    | Killed an Ice Fiend
 29075 | Shoals:3 | Upgraded the game from 0.26-b1-32-g5d43845318 to 0.26.1
 29086 | Shoals:4 | Entered Level 4 of the Shoals
 29513 | Shoals:4 | Identified Roxanne's Compendium of Moulding
 29513 | Shoals:4 | Noticed Roxanne
 29605 | Shoals:4 | Reached skill level 15 in Fighting
 29657 | Shoals:4 | Reached XP level 19. HP: 142/186 MP: 23/23
 29689 | Shoals:4 | Got a barnacled rune of Zot
 29817 | Shoals:4 | Identified the +7 morningstar of Gluttony {holy, rC+}
 29821 | Shoals:4 | Noticed Ilsuiw
 29992 | Shoals:4 | Killed Ilsuiw
 30180 | Shoals:4 | Reached skill level 15 in Armour
 31229 | Vaults:1 | Entered Level 1 of the Vaults
 31486 | Vaults:1 | Identified the ring "Orghalo" {rN+ MP+9 Str+5 Int-2 SInv}
 31545 | Vaults:1 | Reached skill level 22 in Shields
 32730 | Vaults:2 | Found a burning altar of Makhleb.
 33089 | Vaults:2 | Reached XP level 20. HP: 194/199 MP: 24/24
 33624 | Vaults:2 | Found a staircase to the Crypt.
 33624 | Vaults:2 | Found a basalt altar of Yredelemnul.
 33624 | Vaults:2 | Found an ancient bone altar of Kikubaaqudgha.
 33767 | Vaults:2 | Identified Leim's Reference Book on Fetching Flight
 34686 | Vaults:3 | Found a portal to a secret trove of treasure.
 34878 | Vaults:3 | Found Lofy's Jewellery Shop.
 35085 | Vaults:3 | Reached skill level 23 in Shields
 35218 | Vaults:3 | You fall into a shaft and drop 1 floor!
 35554 | Vaults:4 | Found an opulent altar of Gozag.
 35584 | Vaults:4 | Upgraded the game from 0.26.1 to 0.26.1-2-gb8aa6d0cf2
 36210 | Vaults:4 | Reached XP level 21. HP: 206/208 MP: 25/25
 36291 | Vaults:4 | Found Fufohune's Assorted Antiques.
 36566 | Depths:1 | Entered Level 1 of the Depths
 36647 | Depths:1 | Found a gateway to Hell.
 36876 | Depths:1 | Reached skill level 24 in Shields
 36922 | Depths:1 | Found a gateway to a ziggurat.
 36934 | Depths:1 | Found a broken altar of Ashenzari.
 37481 | Depths:1 | Found a one-way gate leading to the halls of Pandemonium.
 37939 | Depths:2 | Found a shadowy altar of Dithmenos.
 37939 | Depths:2 | Found an opulent altar of Gozag.
 38206 | Depths:2 | You fall into a shaft and drop 2 floors!
 38337 | Depths:4 | Identified the cursed +0 flail "Jelly's Nightmare" {vorpal,
                  | +Rage rPois rC- Int-4}
 38443 | Depths:3 | Reached XP level 22. HP: 220/220 MP: 26/26
 38497 | Depths:3 | Reached skill level 25 in Shields
 38509 | Depths:3 | Cast into level 2 of the Abyss (spriggan defender)
 38671 | Depths:3 | Escaped the Abyss
 38673 | Depths:3 | Noticed the Enchantress
 38717 | Depths:3 | Paralysed by a floating eye for 2 turns
 38722 | Depths:3 | Paralysed by a floating eye for 2 turns
 39108 | Depths:3 | Found a flickering gateway to a bazaar.
 39151 | Bazaar   | Entered a bazaar
 39151 | Bazaar   | Found Sumoex's Armour Boutique.
 39151 | Bazaar   | Found Owiraych's Weapon Shop.
 39151 | Bazaar   | Found Waegron's Weapon Shop.
 39167 | Bazaar   | Bought a +2 pair of gloves of archery for 387 gold pieces
 39714 | Depths:2 | Found a bloodstained altar of Trog.
 39788 | Depths:2 | Reached skill level 26 in Shields
 39921 | Depths:2 | Reached XP level 23. HP: 232/232 MP: 27/27
 40312 | Depths:2 | Noticed a caustic shrike
 40321 | Depths:2 | Killed a caustic shrike
 40710 | Depths:4 | Noticed a caustic shrike
 40722 | Depths:4 | Killed a caustic shrike
 40756 | Depths:4 | Identified the +6 falchion of Lust {drain, +Fly Dex+8}
 40877 | Depths:4 | Found a one-way gate to the infinite horrors of the Abyss.
 41244 | Depths:5 | Entered Level 5 of the Depths
 41534 | Depths:5 | Found a gate to the Realm of Zot.
 41621 | Depths:5 | Found a sparkling altar of Nemelex Xobeh.
 41955 | Depths:5 | Noticed Saint Roka
 41982 | Depths:5 | Killed Saint Roka
 42607 | Elf:1    | Entered Level 1 of the Elven Halls
 42843 | Elf:1    | Found Qomuj's Magic Scroll Shoppe.
 42843 | Elf:1    | Found Lesi's General Store.
 42854 | Elf:1    | Bought a scroll of teleportation for 36 gold pieces
 42898 | Elf:1    | Found a shimmering blue altar of Sif Muna.
 43540 | Elf:2    | Found a huge runed translucent gate.
 43540 | Elf:2    | Found a huge runed translucent gate.
 43540 | Elf:2    | Found a huge runed translucent gate.
 43540 | Elf:2    | Found a huge runed translucent gate.
 43541 | Elf:2    | Found a huge runed translucent gate.
 43928 | Elf:2    | Reached XP level 24. HP: 201/243 MP: 27/27
 44320 | Elf:3    | Entered Level 3 of the Elven Halls
 44449 | Elf:3    | Found Haat's Magic Scroll Boutique.
 44449 | Elf:3    | Found Cifuth's Book Shop.
 44453 | Elf:3    | Found Junuqos's Jewellery Boutique.
 44457 | Elf:3    | Bought a scroll of blinking for 105 gold pieces
 44457 | Elf:3    | Bought a scroll of teleportation for 42 gold pieces
 44457 | Elf:3    | Bought a scroll of fear for 49 gold pieces
 45064 | Elf:3    | Identified the ring "Umoytete" {*Contam Will- AC+4 Str+7}
 45344 | Elf:3    | Identified the ring of Inususchuwe {rElec rC+} (You found
                  | it on level 3 of the Elven Halls)
 45879 | Elf:3    | Bought a scroll of enchant weapon for 105 gold pieces
 45928 | Elf:1    | Bought a scroll of enchant weapon for 90 gold pieces
 46088 | D:12     | Bought a scroll of enchant weapon for 112 gold pieces
 46286 | Vaults:5 | Entered Level 5 of the Vaults
 46466 | Vaults:5 | Identified the +3 flail of the Howling Queen {vamp, rElec
                  | rF+ Stlth+}
 46611 | Vaults:5 | Identified the +5 mace "Bulynuul" {venom, Dex+3 Stlth+}
 46779 | Vaults:5 | Upgraded the game from 0.26.1-2-gb8aa6d0cf2 to
                  | 0.26.1-11-gd32895ea62
 46798 | Vaults:5 | Got a silver rune of Zot
 47042 | Vaults:5 | Identified the +0 rapier "Vivorhah" {venom, *Contam rPois
                  | rN+ Dex+3}
 47093 | Vaults:5 | Noticed an ancient lich
 47108 | Vaults:5 | Reached XP level 25. HP: 218/255 MP: 27/27
 47126 | Vaults:5 | Killed an ancient lich
 47596 | Vaults:5 | Identified The Intricacies of the Arcane Arts
 48857 | Slime:1  | Entered Level 1 of the Pits of Slime
 48953 | Slime:2  | Noticed Dissolution
 48967 | Slime:2  | Killed Dissolution
 49253 | Slime:2  | You fall into a shaft and drop 1 floor!
 49469 | Slime:1  | Gained mutation: You are dopey. (Int -2) [a shining eye]
 49591 | Slime:5  | Entered Level 5 of the Pits of Slime
 49739 | Slime:5  | Gained mutation: You are clumsy. (Dex -2) [a shining eye]
 49741 | Slime:5  | Gained mutation: You tend to lose your temper in combat. [a
                  | shining eye]
 49746 | Slime:5  | Gained mutation: Armour fits poorly on your strangely
                  | shaped body. [a shining eye]
 49800 | Slime:5  | Gained mutation: You often lose your temper in combat. [a
                  | shining eye]
 49866 | Slime:4  | Gained mutation: You are frail. (-10% HP) [a shining eye]
 49875 | Slime:4  | Gained mutation: You are weak. (Str -2) [a shining eye]
 49882 | Slime:4  | Gained mutation: Your magical capacity is low. (-10% MP) [a
                  | shining eye]
 50020 | Slime:5  | Paralysed by a floating eye for 3 turns
 50021 | Slime:5  | HP: 7/233 [acid (7)]
 50021 | Slime:5  | Slain by a slime creature

Illustrated notes

Levels and vault maps discovered:
D:1:      dpeg_arrival_rooms_a, layout_basic
D:2:      minmay_diamond_boxcup, layout_loops_corners, grunt_qazlal_sundering
D:3:      wad_river_or_something, layout_loops_corners, lemuel_doored_altar,
          tgw_fedhas, minivault_26
D:4:      layout_loops_ring, serial_bayou_lagoon_a, grunt_ministairs_8,
          minmay_stone_trees_small, grunt_dithmenos_shadows
D:5:      minmay_opposing_rooms, layout_rooms, basic_altar, serial_shops, shop
D:6:      layout_loops_ring, minmay_temple_entry_statues_pillars, serial_shops,
          nicolae_shop_stone, basic_altar
D:7:      layout_basic, serial_shops, nicolae_shop_statue_plus
D:8:      layout_loops_ring, gammafunk_temple_overflow_wave, basic_altar,
          uniq_psyche
D:9:      layout_layer_cave, serial_shops, kennysheep_little_box,
          kennysheep_mini, shop, nicolae_shop_temple_entry_statues_fountains,
          shop, st_stairs_3, hangedman_ru_absence, uniq_harold, uniq_grum
D:10:     layout_stronghold, minmay_radiant
D:11:     minmay_shrinking_squares, layout_rooms, erik_lair_dragon,
          bloody_makhleb
D:12:     layout_layer_cave, zombieorc2_lemuel, serial_shops, shop,
          nicolae_shop_temple_entry_statues_fountains, shop, shop, serial_glass,
          glass_columns_c, glass_columns_a, basic_altar
D:13:     layout_long_grid, basic_altar
D:14:     layout_roguey, lightli_vaults_fourway_checkpoint,
          minmay_misc_feat_tower, basic_altar, minmay_misc_feat_four_crosses,
          chequers_serial_rivers_micro_b, amethyst_killhole
D:15:     gammafunk_enter_depths_forms, layout_irregular_city,
          hangedman_decor_clover_reticule
Temple:   regret_index_temple_mists
Lair:1:   layout_chaotic_city, minmay_stone_trees_medium
Lair:2:   layout_hall_layers, shoals_dummy_entry, chequers_serial_rivers_room_b,
          infiniplex_staircase_pool_2
Lair:3:   layout_gridlike, guppyfry_snake_entry_island, grunt_megastairs_2
Lair:4:   layout_regular_city, serial_forest, infiniplex_forest_clump_small,
          infiniplex_forest_clump_small, infiniplex_forest_end_1,
          infiniplex_forest_corner_1, infiniplex_forest_lined_room_,
          infiniplex_forest_corner_1, chequers_serial_rivers_micro_b,
          kennysheep_catoblepas_arena, lemuel_fruit_fields,
          serial_bayou_shore_b, uniq_josephine
Lair:5:   layout_concentric_octagons, dpeg_slime_entry_enclosed_altar
Lair:6:   evilmike_catoblepas_cave, layout_long_grid, serial_forest,
          infiniplex_forest_clump_tiny, infiniplex_forest_lined_3,
          infiniplex_forest_zigzag_2, infiniplex_forest_clump_double,
          infiniplex_forest_lined_ring, infiniplex_forest_straight_2,
          infiniplex_forest_corner_1
Shoals:1: layout_shoals, centaur_isle
Shoals:2: layout_shoals, serial_shops, bzr_entry_gold
Shoals:3: nicolae_shoals_island_circles, layout_shoals,
          portal_ice_cave_entry_pillars_four, nicolae_shoals_seven_spires
Shoals:4: shoals_end_hangedman, layout_shoals, shoals_ilsuiw_alternative,
          uniq_roxanne
Snake:1:  cheibrodos_snake_lava_hold, layout_cave_pods, st_stairs_13
Snake:2:  layout_gridlike, special_room, drop_trap, hangedman_snake_sidewinding,
          grunt_megastairs_1
Snake:3:  layout_misc_corridors, grunt_ministairs_5, corexii_hall_statues_x,
          hangedman_snake_thin_pillar_pass, serial_bayou_shore_a, uniq_aizul
Snake:4:  grunt_snake_rune_serpentine_throne, layout_cave_town, uniq_mara,
          uniq_vashnia
Slime:1:  layout_caves
Slime:2:  layout_caves, uniq_dissolution
Slime:3:  layout_caves
Slime:4:  layout_caves
Slime:5
Orc:1:    gammafunk_beogh_shrine, layout_diamond_mine, serial_shops, shop
Orc:2:    st_orc_rangers, layout_diamond_mine, basic_altar, special_room
Elf:1:    layout_gridlike, basic_altar, hangedman_elf_disciples,
          minmay_shoptagon
Elf:2:    layout_geoelf_octagon
Elf:3:    minmay_elf_hall_spiked, layout_geoelf_octagon, minmay_shop_star
Vaults:1: hangedman_vaults_cutoff, v_alt_pattern_3,
          hangedman_vaults_hard_town_square, v_rooms_4, v_misc_29, v_misc_16,
          vaults_room_hallway, grunt_vaults_funnel, layout_vaults_omnicross
Vaults:2: v_misc_19, minmay_crypt_entry_necro_gods,
          nicolae_vaults_network_quinsquares
          [nicolae_vaults_network_quincunx_subvault,
          nicolae_vaults_network_quincunx_subvault,
          nicolae_vaults_network_quincunx_subvault,
          nicolae_vaults_network_quincunx_subvault], vaults_room_grid,
          nicolae_vaults_little_squares_5, nicolae_vaults_what_the_h,
          ontoclasm_vaults_chip, ontoclasm_vaults_gateway, vaults_mumra_hexcomb,
          v_alt_pattern_4, grunt_vaults_hallway_long,
          nicolae_vaults_mini_display_case, layout_vaults_chaotic_city,
          basic_altar
Vaults:3: v_misc_11, nicolae_vaults_rhombus_7, v_misc_22, grunt_vaults_twisty,
          vaults_room_semicircle, v_pattern_5, hangedman_vaults_snaps,
          ontoclasm_vaults_eye, grunt_vaults_diagonal, vaults_dpeg_hooks,
          layout_vaults_omnigrid, serial_shops, nicolae_shop_waterfront,
          nicolae_shop_waterfront, nicolae_shop_statue_plus, serial_glass,
          enter_trove_1
Vaults:4: nicolae_vaults_big_angled_halls, st_lattice, hangedman_vaults_hat,
          v_misc_1, hangedman_vaults_cutoff, vaults_dpeg_diagonal,
          hangedman_vaults_capsules, hangedman_vaults_river_flow,
          vaults_room_octagon, hangedman_vaults_stagger,
          ontoclasm_vaults_hangar, nicolae_vaults_ring_of_whatevers,
          nicolae_vaults_little_squares_5, vaults_room_mumra_shop_pool,
          layout_vaults_maze, basic_altar
Vaults:5
Depths:1: layout_basic, enter_ziggurat_d, grunt_pan_entry_in_and_out,
          nicolae_water_bricks, hangedman_geh_valley, ashenzari_altar_1,
          kennysheep_random_hallway, grunt_megastairs_5
Depths:2: hangedman_slaughterboxes, pan_entry, serial_shops, hell_entry
Depths:3: minmay_the_grid_square_5x5_4x4 [minmay_the_grid_square_5x5_bridge,
          minmay_the_grid_square_5x5_pentomino_r,
          minmay_the_grid_square_5x5_plus, minmay_the_grid_square_5x5_tie,
          minmay_the_grid_square_5x5_comb,
          minmay_the_grid_square_5x5_prize_gold,
          minmay_the_grid_square_5x5_prize_itemx,
          minmay_the_grid_square_5x5_inset,
          minmay_the_grid_square_5x5_tetrominoes,
          minmay_the_grid_square_5x5_prize_junk,
          minmay_the_grid_square_5x5_prize_open,
          minmay_the_grid_square_5x5_empty, minmay_the_grid_square_5x5_moneybag,
          minmay_the_grid_square_5x5_shuriken,
          minmay_the_grid_square_5x5_eight_small,
          minmay_the_grid_square_5x5_lines], layout_gridlike, serial_shops,
          bzr_firewalk, grunt_hell_entry_demonic_statue, grunt_pan_entry_spiral,
          uniq_enchantress
Depths:4: lemuel_traditional_vault, layout_cave_pools,
          infiniplex_staircase_split_hallway, pf_coc_iceberg,
          abyss_entry_small_statue_room, minmay_misc_feat_chi
Depths:5: grunt_zot_entry_alcove, layout_gridlike,
          nemelex_xobeh_ov_fountains_minmay, hellmouth_3, uniq_saint_roka

Skill      XL: |  1  2  3  4  5  6  7  8  9 10 11 12 13 14 15 16 17 18 19 20 21 22 23 24 25 |
---------------+----------------------------------------------------------------------------+-----
Fighting       | 3 4 5 6 8 9 11 12 13 15 16 17 18 19 20 21 | 21.9
Axes           | 3 4 5 6 8 10 12 13 15 17 18 20 21 22 | 22.9
Armour         | 4 5 6 7 8 9 10 11 12 14 16 17 18 19 20 21 | 21.3
Shields        | 4 5 6 7 8 9 10 12 14 16 19 21 22 23 24 26 | 26.0
Stealth        | 1 |  1.9
Evocations     | 1 |  1.3
Invocations    | 4 7 8 |  8.6
Long Blades    | |  0.4
Dodging        | |  0.6

Action                   |  1- 3 |  4- 6 |  7- 9 | 10-12 | 13-15 | 16-18 | 19-21 | 22-24 | 25-27 || total
-------------------------+-------+-------+-------+-------+-------+-------+-------+-------+-------++-------
Melee: War axe           |   121 |   151 |   359 |   554 |   216 |       |       |       |       ||  1401
       Broad axe         |       |       |       |       |   700 |  1368 |  1519 |  1693 |   476 ||  5756
       Great sword       |       |       |       |       |    39 |       |       |       |       ||    39
       Scimitar          |       |       |       |       |     5 |       |       |     5 |       ||    10
Throw: Stone             |     4 |     7 |       |       |       |       |       |       |       ||    11
       Dart              |       |     7 |     7 |       |       |     2 |       |       |       ||    16
Invok: Major Destruction |       |       |       |       |       |     2 |       |       |     2 ||     4
 Abil: Heal Wounds       |     1 |     2 |     6 |       |       |       |       |       |       ||     9
       Evoke Flight      |       |       |       |       |       |       |       |     1 |       ||     1
Evoke: Wand              |       |       |     6 |    30 |     6 |       |     2 |     4 |       ||    48
  Use: Scroll            |       |     5 |     7 |    13 |    20 |     7 |     3 |    24 |     1 ||    80
       Potion            |       |       |     1 |     1 |       |     4 |       |     2 |       ||     8
 Stab: Paralysed         |       |       |     3 |     7 |       |       |       |       |       ||    10
       Petrified         |       |       |       |       |    17 |       |       |       |       ||    17
       Petrifying        |       |       |       |       |     1 |       |       |       |       ||     1
       Distracted        |       |       |       |       |       |       |     1 |     2 |     1 ||     4
       Confused          |       |       |       |       |       |       |     1 |       |       ||     1
Armor: Scale mail        |    18 |       |       |   232 |   377 |   205 |       |       |       ||   832
       Plate armour      |    40 |    90 |   115 |   141 |       |   166 |   484 |   301 |       ||  1337
       Gold dragon scale |       |       |       |       |       |       |       |   143 |   132 ||   275
Dodge: Dodged            |    30 |    18 |    44 |   111 |   202 |   227 |   187 |   172 |    49 ||  1040
Block: Kite shield       |    69 |    58 |   281 |   479 |   473 |       |       |       |       ||  1360
       Reflection        |       |       |    23 |    12 |    93 |   224 |   175 |   150 |    35 ||   712
       Other             |       |       |       |       |    42 |       |       |       |       ||    42
       Tower shield      |       |       |       |       |   439 |  1943 |  1944 |  1774 |   500 ||  6600
       Rpst.: Great sword |       |       |       |       |     6 |       |       |       |       ||     6
